 Dungeon Sprint DCSS version 0.17.1-1-g73c8601 (webtiles) character file.

10136 Elvalys the Ninja (level 11, 0/73 HPs)
             Began as a Spriggan Assassin on Dec 12, 2015.
             Was a High Priest of Okawaru.
             Splashed by a jelly's acid (4 damage)
             ... in the Dungeon (Sprint I: "Red Sonja").
             The game lasted 00:21:12 (2273 turns).

Elvalys the Ninja (Spriggan Assassin)               Turns: 2273, Time: 00:21:12

Health: 0/73       AC: -10   Str: 12      XL:     11   Next: 32%
Magic:  16/16      EV: 35    Int: 13      God:    Okawaru [*****.]
Gold:   813        SH:  0    Dex: 17 (19) Spells: 0 memorised, 10 levels left

rFire  . . .     SeeInvis +     a - +2 dagger
rCold  . . .     Clarity  .     c - +0 robe
rNeg   . . .     SustAt   .     (shield restricted)
rPois  +         Gourm    .     (helmet restricted)
rElec  .         Spirit   .     j - +0 cloak {rPois}
rCorr  .         Warding  .     (gloves unavailable)
rMut   .         NoTele   +     (boots unavailable)
MR     +....                    (no amulet)
Stlth  ..........               (no ring)
                                (no ring)

@: berserking, corroded equipment, very quick, somewhat resistant to hostile
enchantments, extremely unstealthy
A: unfitting armour, see invisible, clumsy 1, deformed body, deterioration 1,
herbivore 3, speed 3, low mp 1, slow regeneration 1, slow metabolism 2
a: Heroism, Finesse, Renounce Religion


You were in the Dungeon.
You worshipped Okawaru.
Okawaru was extremely pleased with you.
You were not hungry.

You visited 1 branch You collected 1113 gold pieces.
You spent 300 gold pieces at shops.

Inventory:

Hand Weapons
 a - a +2 dagger (weapon)
 n - a +8 blowgun
 o - a +0 dagger of distortion
Missiles
 e - 7 poisoned needles
 f - 6 curare-tipped needles
Armour
 c - a +0 robe (worn)
 d - a +0 cloak
 i - a +2 cloak of invisibility
 j - a +0 cloak of poison resistance (worn)
Scrolls
 m - a scroll of blinking
 p - a scroll of remove curse {unknown}
Potions
 h - a potion of curing
 k - 2 potions of magic
 r - a potion of haste
 s - a potion of flight
Comestibles
 g - a bread ration
 q - 3 fruits


   Skills:
 - Level 1.5 Fighting
 + Level 7.4 Short Blades
 - Level 2.0 Throwing
 * Level 21.2 Dodging
 O Level 27 Stealth
 * Level 8.7 Invocations


You had 10 spell levels left.
You didn't know any spells.

Dungeon Overview and Level Annotations

Branches:
Dungeon (1/1)

Altars:
Cheibriados
Dithmenos
Elyvilon
Fedhas
Gozag
Kikubaaqudgha
Makhleb
Nemelex Xobeh
Okawaru
Qazlal
Ru
Sif Muna
Trog
Vehumet
Xom
Yredelemnul
Zin
The Shining One
Jiyva

Shops:
D !=[


Innate Abilities, Weirdness & Mutations

You are tiny and cannot use many weapons and most armour.
You have supernaturally acute eyesight.
You are a herbivore.
You cover ground extremely quickly.
You need consume almost no food.
You are clumsy. (Dex -2)
Armour fits poorly on your strangely shaped body.
Your body sometimes deteriorates upon taking damage.
Your magical capacity is low (-10% MP).
You regenerate slowly when monsters are visible.


Message History

* * * LOW HITPOINT WARNING * * *
The jelly is heavily wounded.
The jelly misses you.
You hit the jelly but do no damage.
Your hands burn!
* * * LOW HITPOINT WARNING * * *
The jelly is heavily wounded.
You hit the jelly.
Your hands burn!
* * * LOW HITPOINT WARNING * * *
The jelly is heavily wounded.
The jelly completely misses you.
You hit the jelly but do no damage. The acid corrodes you!
Your hands burn!
* * * LOW HITPOINT WARNING * * *
The jelly is heavily wounded.
The jelly completely misses you.
Drink which item? (? for menu, Esc to quit)
A red film seems to cover your vision as you go berserk!
You feel yourself moving faster!
You feel mighty! The jelly completely misses you.
You hit the jelly. The acid corrodes you!
Your hands burn!
You die...

.'..._#≈≈≈§§#..#.§§§§+
##_.#'##+#####'###§).#
###'#.#..()###.'.#§§.#
###.####'###.###.#§.##
.'...'.....'.∩##.#..#
##...###########.##+#
###.###......§##§# #
#+# #......§§§J# #
#''J######@# #
#..J....G#§# #
#.......#§§# #
n}n......≈#### #
n}n.......≈≈# #
#.......≈≈≈## #
###..≈≈≈≈### +######+


You could see a jelly.

Vanquished Creatures
  A hydra (D)
  2 centaur warriors (D)
  Sonja (D)
  A lindwurm (D)
  2 unseen horrors (D)
  A deep troll (D)
  2 shining eyes (D)
  An oklob plant (D)
  A gargoyle (D)
  2 demonic crawlers (D)
  A slime creature (D)
  Sigmund (D)
  A yak (D)
  11 hogs (D)
  4 trapdoor spiders (D)
  A wasp (D)
  A necrophage (D)
  An ogre (D)
  6 jellies (D)
  Ijyb (D)
  3 giant eyeballs (D)
45 creatures vanquished.

Vanquished Creatures (others)
  A gargoyle (D)
  A kobold demonologist (D)
  A demonic crawler (D)
  2 hogs (D)
  2 wasps (D)
7 creatures vanquished.

Grand Total: 52 creatures vanquished

Notes
Turn   | Place    | Note
--------------------------------------------------------------
     0 | D        | Elvalys the Spriggan Assassin began the quest for the Orb.
     0 | D        | Reached XP level 1. HP: 10/10 MP: 2/2
     1 | D        | Noticed Ijyb
     4 | D        | Killed Ijyb
     4 | D        | Reached skill level 10 in Stealth
     4 | D        | Reached XP level 2. HP: 14/14 MP: 3/3
     6 | D        | Noticed an ogre
     9 | D        | Killed an ogre
     9 | D        | Reached skill level 14 in Stealth
     9 | D        | Reached XP level 3. HP: 18/18 MP: 4/4
     9 | D        | Reached XP level 4. HP: 22/22 MP: 5/5
    18 | D        | Noticed Sigmund
    21 | D        | Killed Sigmund
    21 | D        | Reached skill level 18 in Stealth
    21 | D        | Reached XP level 5. HP: 25/25 MP: 6/6
    33 | D        | Found a deep blue altar of Sif Muna.
    34 | D        | Noticed a jelly
    35 | D        | Found a radiant altar of Vehumet.
    39 | D        | Killed a jelly
    39 | D        | Reached XP level 6. HP: 30/30 MP: 7/7
    41 | D        | Found Kodir's Jewellery Emporium.
    41 | D        | Found a white marble altar of Elyvilon.
    41 | D        | Found a stormy altar of Qazlal.
    41 | D        | Found a burning altar of Makhleb.
    41 | D        | Found a sacrificial altar of Ru.
    41 | D        | Found a basalt altar of Yredelemnul.
    41 | D        | Found a glowing golden altar of the Shining One.
    41 | D        | Found a sparkling altar of Nemelex Xobeh.
    41 | D        | Found a shimmering altar of Xom.
    41 | D        | Found an opulent altar of Gozag.
    41 | D        | Found an ancient bone altar of Kikubaaqudgha.
    41 | D        | Found a glowing silver altar of Zin.
    41 | D        | Noticed a yak
    42 | D        | Found an iron altar of Okawaru.
    43 | D        | Killed a yak
    43 | D        | Reached skill level 20 in Stealth
    44 | D        | Found a bloodstained altar of Trog.
    47 | D        | Became a worshipper of Warmaster Okawaru
    84 | D        | Noticed Sonja
    88 | D        | Killed Sonja
    88 | D        | Reached * piety under Okawaru
    88 | D        | Reached ** piety under Okawaru
    88 | D        | Reached skill level 23 in Stealth
    88 | D        | Reached XP level 7. HP: 33/33 MP: 8/8
    88 | D        | Reached XP level 8. HP: 37/37 MP: 9/9
   101 | D        | Noticed a deep troll
   105 | D        | Killed a deep troll
   105 | D        | Reached skill level 25 in Stealth
   125 | D        | Found Qaf Bei's Armour Emporium.
   147 | D        | Found Nainn's Distillery.
   155 | D        | Bought a potion of flight for 30 gold pieces
   172 | D        | Noticed a centaur warrior
   175 | D        | Noticed a centaur warrior
   178 | D        | Killed a centaur warrior
   178 | D        | Reached *** piety under Okawaru
   178 | D        | Reached skill level 26 in Stealth
   178 | D        | Reached XP level 9. HP: 41/41 MP: 10/10
   179 | D        | Killed a centaur warrior
   179 | D        | Reached **** piety under Okawaru
   179 | D        | Reached skill level 27 in Stealth
   188 | D        | Noticed a wasp
   191 | D        | Killed a wasp
   203 | D        | Noticed an oklob plant
   205 | D        | Killed an oklob plant
   212 | D        | Noticed a trapdoor spider
   247 | D        | Killed a trapdoor spider
   272 | D        | Noticed a trapdoor spider
   482 | D        | Bought a potion of curing for 30 gold pieces
   503 | D        | Bought a +0 cloak of poison resistance for 110 gold pieces
   529 | D        | HP: 2/41 [something (31)]
   540 | D        | Killed a trapdoor spider
   789 | D        | Noticed a trapdoor spider
   800 | D        | Killed a trapdoor spider
   800 | D        | Reached skill level 1 in Invocations
   809 | D        | Killed a wasp
   814 | D        | Noticed a trapdoor spider
   826 | D        | Killed a trapdoor spider
   875 | D        | Found a viscous altar of Jiyva.
   875 | D        | Found a blossoming altar of Fedhas.
   875 | D        | Noticed a slime creature
   876 | D        | Found a snail-covered altar of Cheibriados.
   876 | D        | Found a shadowy altar of Dithmenos.
   878 | D        | Killed a slime creature
   878 | D        | Reached XP level 10. HP: 46/46 MP: 11/13
   887 | D        | Noticed a kobold demonologist
   888 | D        | Noticed a kobold demonologist
   894 | D        | Noticed a sixfirhy
   908 | D        | Killed a wasp
   918 | D        | Banished a kobold demonologist
   918 | D        | Reached skill level 5 in Short Blades
  1022 | D        | Noticed a demonic crawler
  1022 | D        | Noticed a demonic crawler
  1022 | D        | Noticed a demonic crawler
  1022 | D        | Noticed a demonic crawler
  1024 | D        | Killed a demonic crawler
  1024 | D        | Reached skill level 15 in Dodging
  1025 | D        | Killed a demonic crawler
  1029 | D        | Banished a demonic crawler
  1029 | D        | Reached skill level 5 in Invocations
  1068 | D        | Noticed a gargoyle
  1072 | D        | Killed a gargoyle
  1088 | D        | Noticed a lindwurm
  1090 | D        | Killed a lindwurm
  1090 | D        | Reached ***** piety under Okawaru
  1096 | D        | Noticed a hog
  1096 | D        | Noticed a hog
  1096 | D        | Noticed a hog
  1096 | D        | Noticed a hog
  1096 | D        | Noticed a hog
  1097 | D        | Noticed a hog
  1097 | D        | Noticed a hog
  1097 | D        | Noticed a hog
  1098 | D        | Killed a hog
  1099 | D        | Killed a hog
  1100 | D        | Noticed a hog
  1101 | D        | Killed a hog
  1102 | D        | Killed a hog
  1103 | D        | Noticed a hog
  1104 | D        | Noticed a hog
  1104 | D        | Noticed a hog
  1104 | D        | Killed a hog
  1105 | D        | Noticed a hog
  1106 | D        | Killed a hog
  1107 | D        | Killed a hog
  1109 | D        | Killed a hog
  1110 | D        | Killed a hog
  1111 | D        | Killed a hog
  1127 | D        | Banished a hog
  1145 | D        | Killed a hog
  1259 | D        | Noticed a 12-headed hydra
  1261 | D        | Killed a 12-headed hydra
  1261 | D        | Received a gift from Okawaru
  1261 | D        | Reached XP level 11. HP: 49/49 MP: 17/17
  1358 | D        | Bought a potion of haste for 100 gold pieces
  1358 | D        | Bought a potion of flight for 30 gold pieces
  1360 | D        | Noticed a shining eye
  1360 | D        | Noticed a shining eye
  1360 | D        | Noticed a shining eye
  1360 | D        | Noticed a shining eye
  1360 | D        | Noticed a shining eye
  1360 | D        | Noticed a shining eye
  1362 | D        | Gained mutation: You regenerate slowly when monsters are visible. [a shining eye]
  1363 | D        | Noticed a shining eye
  1363 | D        | Noticed a shining eye
  1364 | D        | Killed a shining eye
  1366 | D        | Gained mutation: Armour fits poorly on your strangely shaped body. [a shining eye]
  1367 | D        | Killed a shining eye
  1368 | D        | Paralysed by a giant eyeball for 3 turns
  1369 | D        | Gained mutation: Your magical capacity is low (-10% MP). [a shining eye]
  1370 | D        | Gained mutation: You are clumsy. (Dex -2) [a shining eye]
  1371 | D        | Gained mutation: Your body sometimes deteriorates upon taking damage. [a shining eye]
  1412 | D        | Killed a hog
  1673 | D        | Noticed an unseen horror
  1676 | D        | Noticed an unseen horror
  1708 | D        | Killed an unseen horror
  1737 | D        | Killed an unseen horror
  1854 | D        | Killed a gargoyle
  2002 | D        | Noticed a jelly
  2002 | D        | Noticed a jelly
  2002 | D        | Noticed a jelly
  2002 | D        | Noticed a jelly
  2002 | D        | Noticed a jelly
  2002 | D        | Noticed a jelly
  2002 | D        | Noticed a necrophage
  2002 | D        | Noticed a necrophage
  2003 | D        | Noticed a jelly
  2011 | D        | Killed a jelly
  2033 | D        | Killed a necrophage
  2039 | D        | Killed a jelly
  2234 | D        | Killed a jelly
  2235 | D        | Killed a jelly
  2236 | D        | Noticed a necrophage
  2236 | D        | Noticed a necrophage
  2236 | D        | Noticed a necrophage
  2261 | D        | Killed a jelly
  2273 | D        | Splashed by a jelly's acid

Action                   |  1- 3 |  4- 6 |  7- 9 | 10-12 || total
-------------------------+-------+-------+-------+-------++-------
Melee: Dagger            |     2 |     4 |    25 |   174 ||   205
 Fire: Blowgun           |       |       |    15 |    17 ||    32
Invok: Heroism           |       |       |       |     2 ||     2
       Finesse           |       |       |       |     2 ||     2
  Use: Potion            |       |       |     4 |     2 ||     6
       Scroll            |       |       |     1 |       ||     1
 Stab: Sleeping          |     2 |     4 |     6 |    21 ||    33
